 Dungeon Crawl Stone Soup version 0.24.0-123-gd5b16e6ec5 (webtiles) character file.

Game seed: 15202156222588824575, levelgen mode: deterministic

43 Elellon the Chopper (level 3, 0/31 HPs)
             Began as a Hill Orc Fighter on Jan 16, 2020.
             Succumbed to an adder's poison
             ... on level 2 of the Dungeon.
             The game lasted 00:00:57 (887 turns).

Elellon the Chopper (Hill Orc Fighter)               Turns: 887, Time: 00:00:57

Health: 0/31       AC:  6    Str: 19    XL:     3   Next: 58%
Magic:  3/3        EV:  7    Int:  8    God:
Gold:   75         SH:  9    Dex: 10    Spells: 2/2 levels left

rFire    . . .     SeeInvis .   a - +0 war axe
rCold    . . .     Gourm    .   c - +0 shield
rNeg     . . .     Faith    .   b - +0 scale mail
rPois    .         Spirit   .   (no helmet)
rElec    .         Reflect  .   (no cloak)
rCorr    .         Harm     .   (no gloves)
MR       .....                  (no boots)
Stlth    ..........             (no amulet)
HPRegen  0.10/turn              (no ring)
MPRegen  0.08/turn              (no ring)

@: lethally poisoned (0 -> -15)
A: no striking features
a: no special abilities


You were on level 2 of the Dungeon.
You were not hungry.

You visited 1 branch of the dungeon, and saw 2 of its levels.

You collected 75 gold pieces.

Inventory:

Hand Weapons
 a - a +0 war axe (weapon)
Armour
 b - a +0 scale mail (worn)
 c - a +0 shield (worn)
Jewellery
 k - an uncursed ring of flight {unknown}
Scrolls
 i - a scroll of identify {unknown}
 l - a scroll of random uselessness {unknown}
 n - 2 scrolls of teleportation {unknown}
Potions
 d - a potion of might
 e - a potion of cancellation {unknown}
 g - a potion of ambrosia {unknown}
 h - a potion of degeneration {unknown}
 j - a potion of heal wounds {unknown}
 m - a potion of magic {unknown}
Comestibles
 f - a ration


   Skills:
 - Level 3.6 Fighting
 + Level 5.1 Axes
 - Level 3.2 Armour
 - Level 3.2 Shields


You had 2 spell levels left.
You didn't know any spells.
Your spell library was empty.

Dungeon Overview and Level Annotations

Branches:
Dungeon (2/15)

Altars:


Message History

You are too injured to fight recklessly!
You are too injured to fight recklessly!
You are too injured to fight recklessly!
You are too injured to fight recklessly!
You closely miss the adder.
Your shield and scale mail prevent you from hitting the adder.
You feel sick. You block the adder's attack. The adder bites you.
* * * LOW HITPOINT WARNING * * *
The adder bites you.
* * * LOW HITPOINT WARNING * * *
The adder bites you.
* * * LOW HITPOINT WARNING * * *
You barely miss the adder. You closely miss the adder.
* * * LOW HITPOINT WARNING * * *
You feel sick. The adder bites you.
* * * LOW HITPOINT WARNING * * *
The adder barely misses you. The adder bites you but does no damage.
You block the adder's attack.
You closely miss the adder. x2
You die...

##.....##
........#######.
................
.........#...........#
.........>...........#
.....................##
......).........)......
......S@..#..........#
......S...#..........#
.....................#
.........#...........#
.........##..........#
#.......#####..#.......
##.....######..####...#
#####.#>...........#..
#########.###### #


You could see 2 adders.

Vanquished Creatures
  2 oozes (D:1)
  A dart slug (D:1)
  4 ball pythons (D:1)
  3 bats
  A giant cockroach (D:1)
  5 goblins (D:1)
  6 hobgoblins
  5 kobolds (D:1)
  4 rats
31 creatures vanquished.

Notes
Turn   | Place    | Note
-------+----------+-------------------------------------------
     0 | D:1      | Elellon the Hill Orc Fighter began the quest for the Orb.
     0 | D:1      | Reached XP level 1. HP: 19/19 MP: 1/1
   108 | D:1      | Reached skill level 3 in Axes
   194 | D:1      | Reached XP level 2. HP: 21/26 MP: 2/2
   284 | D:1      | Reached skill level 4 in Axes
   490 | D:1      | Reached XP level 3. HP: 28/31 MP: 3/3
   565 | D:1      | Reached skill level 5 in Axes
   887 | D:2      | Succumbed to an adder's poison

Levels and vault maps discovered:
D:1:      nicolae_arrival_somewhat_less_tricky_arrival, layout_basic,
          minmay_misc_feat_tiny, st_stairs_1, minmay_large_rounded_square,
          minmay_shallow_snake_nest
D:2:      layout_rooms, minitemple, hangedman_ru_absence, uniq_terence,
          uniq_sigmund, uniq_crazy_yiuf_cottage

Skill      XL: |  1  2  3 |
---------------+----------+-----
Axes           | 3 4 5 |  5.1
Fighting       | |  3.6
Armour         | |  3.2
Shields        | |  3.2

Action                   || total
-------------------------++-------
Melee: War axe           ||    71
Armor: Scale mail        ||    26
Dodge: Dodged            ||    20
Block: Shield            ||    35
